| TOP OF THE 1ST |
|
Harrisburg Senators batting - Pitching for Mobile BayBears : RHP John Capparelli
|
|
Pitching: RHP John Capparelli
|
|
|
Batting: RHB Nate Dickinson
|
0-0: Ball 1-0: Ball 2-0: Ball 3-0: Base on Balls
|
|
Batting: LHB Pat Aviles
|
0-0: Called Strike 0-1: Swinging Strike 0-2: Foul Ball, location: 2F 0-2: Ball 1-2: Foul Ball, location: 2F 1-2: Strikes out swinging
|
|
Batting: RHB Antonio Laurel
|
0-0: Ball 1-0: Called Strike 1-1: Called Strike Nate Dickinson is caught stealing 2nd base 2-4 1-2: Fly out, F9 (Flyball, 9, EV 90.0 MPH)
|
| Top of the 1st over - 0 runs, 0 hits, 0 errors, 0 left on base; Harrisburg 0 - Mobile 0 |
| BOTTOM OF THE 1ST |
|
Mobile BayBears batting - Pitching for Harrisburg Senators : LHP Manny Ruiz
|
|
Pitching: LHP Manny Ruiz
|
|
|
Batting: RHB Carlos Ballesteros
|
0-0: Ball 1-0: Ground out 4-3 (Groundball, 4, EV 90.0 MPH)
|
|
Batting: LHB Soo-yeon Kym
|
0-0: Ball 1-0: Ball 2-0: Swinging Strike 2-1: Swinging Strike 2-2: SINGLE (Line Drive, 78S, EV 101.9 MPH)
|
|
Batting: RHB Josh Burrows
|
0-0: Ball 1-0: Ball 2-0: Ball 3-0: Base on Balls Soo-yeon Kym to second
|
|
Batting: RHB Blake Beale
|
0-0: Ball 1-0: Ball 2-0: Ball 3-0: Called Strike 3-1: Fly out, F9 (Flyball, 89M, EV 83.1 MPH)
|
|
Batting: LHB Koson Hirai
|
0-0: Ball 1-0: Ground out 3-1 (Groundball, 34, EV 110.0 MPH)
|
| Bottom of the 1st over - 0 runs, 1 hit, 0 errors, 2 left on base; Harrisburg 0 - Mobile 0 |
| TOP OF THE 2ND |
|
Harrisburg Senators batting - Pitching for Mobile BayBears : RHP John Capparelli
|
|
Batting: RHB Kevin Wick
|
0-0: Called Strike 0-1: Ball 1-1: Foul Ball, location: 2F 1-2: Strikes out swinging, 2-3 out at first.
|
|
Batting: RHB Ryan Hiemer
|
0-0: Ball 1-0: Ball 2-0: Foul Ball, location: 2F 2-1: Ball 3-1: Swinging Strike 3-2: Strikes out swinging
|
|
Batting: RHB Steve Perez
|
0-0: Called Strike 0-1: Ball 1-1: Ball 2-1: Swinging Strike 2-2: Foul Ball, location: 2F 2-2: Strikes out swinging
|
| Top of the 2nd over - 0 runs, 0 hits, 0 errors, 0 left on base; Harrisburg 0 - Mobile 0 |
| BOTTOM OF THE 2ND |
|
Mobile BayBears batting - Pitching for Harrisburg Senators : LHP Manny Ruiz
|
|
Batting: RHB Chris Bittner
|
0-0: Ball 1-0: Called Strike 1-1: Foul Ball, location: 2F 1-2: Ball 2-2: Foul Ball, location: 2F 2-2: Foul Ball, location: 2F 2-2: Ball 3-2: DOUBLE (Line Drive, 8RXD, EV 104.4 MPH)
|
|
Batting: RHB Will Washburn
|
0-0: Called Strike 0-1: Ball 1-1: Swinging Strike 1-2: Foul Ball, location: 2F 1-2: Foul Ball, location: 2F 1-2: Ball 2-2: Ball 3-2: DOUBLE (Flyball, 8LXD, EV 89.4 MPH) Chris Bittner scores
|
|
Batting: RHB Franklin Villanueva
|
0-0: Ball 1-0: Called Strike 1-1: Ball 2-1: Ground out 5-3 (Groundball, 56, EV 80.6 MPH)
|
|
Batting: RHB Curt Barrett
|
0-0: Swinging Strike 0-1: Ball 1-1: Ball 2-1: Swinging Strike 2-2: Foul Ball, location: 2F 2-2: Ball 3-2: Foul Ball, location: 2F 3-2: Base on Balls
|
|
Batting: RHB Carlos Ballesteros
|
0-0: Called Strike 0-1: Ball 1-1: Ball 2-1: Ball 3-1: Foul Ball, location: 2F 3-2: Fly out, F4 (Popup, 4MS, EV 66.2 MPH)
|
|
Batting: LHB Soo-yeon Kym
|
0-0: Ball 1-0: Foul Ball, location: 2F 1-1: Foul Ball, location: 2F 1-2: Strikes out swinging
|
| Bottom of the 2nd over - 1 run, 2 hits, 0 errors, 2 left on base; Harrisburg 0 - Mobile 1 |
| TOP OF THE 3RD |
|
Harrisburg Senators batting - Pitching for Mobile BayBears : RHP John Capparelli
|
|
Batting: LHB John Holst
|
0-0: Ground out U3 (Groundball, 3, EV 106.9 MPH)
|
|
Batting: RHB Jon Buscher
|
0-0: Called Strike 0-1: Foul Ball, location: 2F 0-2: Foul Ball, location: 2F 0-2: Fly out, F6 (Line Drive, 6, EV 66.2 MPH)
|
|
Batting: RHB Paul Shell
|
0-0: Called Strike 0-1: Swinging Strike 0-2: Foul Ball, location: 2F 0-2: Strikes out swinging
|
| Top of the 3rd over - 0 runs, 0 hits, 0 errors, 0 left on base; Harrisburg 0 - Mobile 1 |
| BOTTOM OF THE 3RD |
|
Mobile BayBears batting - Pitching for Harrisburg Senators : LHP Manny Ruiz
|
|
Batting: RHB Josh Burrows
|
0-0: Ball 1-0: Ball 2-0: Ball 3-0: Called Strike 3-1: Called Strike 3-2: Strikes out swinging
|
|
Batting: RHB Blake Beale
|
0-0: Called Strike 0-1: Foul Ball, location: 2F 0-2: Hit by Pitch
|
|
Batting: LHB Koson Hirai
|
0-0: Ball 1-0: Called Strike 1-1: Reached on error, E3 (Groundball, 3D, EV 86.9 MPH) Blake Beale to second
|
|
Batting: RHB Chris Bittner
|
0-0: Grounds into double play, 5-4-3 (Groundball, 56S, EV 82.5 MPH)
|
| Bottom of the 3rd over - 0 runs, 0 hits, 1 error, 1 left on base; Harrisburg 0 - Mobile 1 |
| TOP OF THE 4TH |
|
Harrisburg Senators batting - Pitching for Mobile BayBears : RHP John Capparelli
|
|
Batting: RHB Nate Dickinson
|
0-0: Ball 1-0: Ball 2-0: Ball 3-0: Called Strike 3-1: Swinging Strike 3-2: Strikes out swinging
|
|
Batting: LHB Pat Aviles
|
0-0: Ball 1-0: Ball 2-0: Ball 3-0: Called Strike 3-1: Called Strike 3-2: Ground out U3 (Groundball, 3S, EV 66.9 MPH)
|
|
Batting: RHB Antonio Laurel
|
0-0: Swinging Strike 0-1: SINGLE (Line Drive, 8RS, EV 97.5 MPH)
|
|
Batting: RHB Kevin Wick
|
0-0: Ball 1-0: Called Strike 1-1: Called Strike 1-2: Ball Wild Pitch! Antonio Laurel to second 2-2: DOUBLE (Groundball, 5L, EV 103.1 MPH) Antonio Laurel scores
|
|
Batting: RHB Ryan Hiemer
|
0-0: Swinging Strike 0-1: Foul Ball, location: 2F 0-2: Strikes out swinging
|
| Top of the 4th over - 1 run, 2 hits, 0 errors, 1 left on base; Harrisburg 1 - Mobile 1 |
| BOTTOM OF THE 4TH |
|
Mobile BayBears batting - Pitching for Harrisburg Senators : LHP Manny Ruiz
|
|
Batting: RHB Will Washburn
|
0-0: SOLO HOME RUN (Flyball, 7D, EV 98.1 MPH), Distance : 376 ft
|
|
Batting: RHB Franklin Villanueva
|
0-0: Foul Ball, location: 2F 0-1: Foul Ball, location: 2F 0-2: Ball 1-2: Ground out 5-3 (Groundball, 56, EV 84.4 MPH)
|
|
Batting: RHB Curt Barrett
|
0-0: Fly out, F9 (Line Drive, 9, EV 93.8 MPH)
|
|
Batting: RHB Carlos Ballesteros
|
0-0: Ball 1-0: Fly out, F8 (Flyball, 78S, EV 87.5 MPH)
|
| Bottom of the 4th over - 1 run, 1 hit, 0 errors, 0 left on base; Harrisburg 1 - Mobile 2 |
| TOP OF THE 5TH |
|
Harrisburg Senators batting - Pitching for Mobile BayBears : RHP John Capparelli
|
|
Batting: RHB Steve Perez
|
0-0: Ball 1-0: Called Strike 1-1: Swinging Strike 1-2: Strikes out swinging
|
|
Batting: LHB John Holst
|
0-0: Ball 1-0: Ball 2-0: Ground out 6-3 (Groundball, 6M, EV 84.4 MPH)
|
|
Batting: RHB Jon Buscher
|
0-0: SINGLE (Line Drive, 4MD, EV 96.9 MPH)
|
|
Batting: RHB Paul Shell
|
0-0: Ball 1-0: Ball 2-0: Fly out, F9 (Flyball, 89D, EV 105.6 MPH)
|
| Top of the 5th over - 0 runs, 1 hit, 0 errors, 1 left on base; Harrisburg 1 - Mobile 2 |
| BOTTOM OF THE 5TH |
|
Mobile BayBears batting - Pitching for Harrisburg Senators : LHP Manny Ruiz
|
|
Batting: LHB Soo-yeon Kym
|
0-0: Ground out 4-3 (Groundball, 4, EV 86.9 MPH)
|
|
Batting: RHB Josh Burrows
|
0-0: Foul Ball, location: 2F 0-1: Foul Ball, location: 2F 0-2: Ball 1-2: Fly out, F9 (Flyball, 9LMF, EV 91.9 MPH)
|
|
Batting: RHB Blake Beale
|
0-0: Ball 1-0: Ball 2-0: Ball 3-0: Called Strike 3-1: Swinging Strike 3-2: Ground out 5-3 (Groundball, 56S, EV 91.2 MPH)
|
| Bottom of the 5th over - 0 runs, 0 hits, 0 errors, 0 left on base; Harrisburg 1 - Mobile 2 |
| TOP OF THE 6TH |
|
Harrisburg Senators batting - Pitching for Mobile BayBears : RHP John Capparelli
|
|
Batting: RHB Nate Dickinson
|
0-0: Ball 1-0: Swinging Strike 1-1: Foul Ball, location: 2F 1-2: Ball 2-2: Foul Ball, location: 2F 2-2: Foul Ball, location: 2F 2-2: Foul Ball, location: 2F 2-2: Ball 3-2: Strikes out swinging
|
|
Batting: LHB Pat Aviles
|
0-0: Ball 1-0: Ground out 1-3 (Groundball, 34S, EV 62.5 MPH)
|
|
Batting: RHB Antonio Laurel
|
0-0: Called Strike 0-1: Swinging Strike 0-2: Ball 1-2: Foul Ball, location: 2F 1-2: Foul Ball, location: 2F 1-2: Strikes out swinging
|
| Top of the 6th over - 0 runs, 0 hits, 0 errors, 0 left on base; Harrisburg 1 - Mobile 2 |
| BOTTOM OF THE 6TH |
|
Mobile BayBears batting - Pitching for Harrisburg Senators : LHP Manny Ruiz
|
|
Pitching: LHP Kyle Bachman
|
|
|
Batting: LHB Koson Hirai
|
0-0: Ball 1-0: Foul Ball, location: 2F 1-1: Ball 2-1: Swinging Strike 2-2: SINGLE (Groundball, 34D, EV 107.5 MPH)
|
|
Batting: RHB Chris Bittner
|
0-0: Called Strike 0-1: Swinging Strike 0-2: Ball 1-2: Ball 2-2: Foul Ball, location: 2F 2-2: Strikes out swinging
|
|
Batting: RHB Will Washburn
|
0-0: Called Strike 0-1: DOUBLE (Line Drive, 9LM, EV 113.1 MPH) Koson Hirai to third
|
|
Batting: RHB Franklin Villanueva
|
0-0: SINGLE (Groundball, 6, EV 86.2 MPH) (infield hit) Koson Hirai scores Will Washburn to third
|
|
Batting: RHB Curt Barrett
|
0-0: Ball 1-0: Fly out, F1 (Line Drive, P, EV 68.8 MPH)
|
|
Batting: RHB Carlos Ballesteros
|
0-0: Ball 1-0: Called Strike 1-1: Foul Ball, location: 2F 1-2: Foul Ball, location: 2F 1-2: Fly out, F8 (Flyball, 78M, EV 92.5 MPH)
|
| Bottom of the 6th over - 1 run, 3 hits, 0 errors, 2 left on base; Harrisburg 1 - Mobile 3 |
| TOP OF THE 7TH |
|
Harrisburg Senators batting - Pitching for Mobile BayBears : RHP John Capparelli
|
|
Batting: RHB Kevin Wick
|
0-0: Swinging Strike 0-1: Ball 1-1: Called Strike 1-2: Ball 2-2: Ball 3-2: Fly out, F7 (Flyball, 78D, EV 100.0 MPH)
|
|
Pitching: LHP Heath Henderson
|
|
|
Batting: RHB Ryan Hiemer
|
0-0: Called Strike 0-1: SINGLE (Groundball, 4MD, EV 102.5 MPH)
|
|
Batting: RHB Steve Perez
|
0-0: Called Strike 0-1: Ball 1-1: Ball 2-1: 2-RUN HOME RUN (Flyball, 7D, EV 97.5 MPH), Distance : 388 ft
|
|
Batting: LHB John Holst
|
0-0: Ball 1-0: Foul Ball, location: 2F 1-1: Ball 2-1: Ground out U3 (Groundball, 3, EV 82.5 MPH)
|
|
Batting: RHB Jon Buscher
|
0-0: Called Strike 0-1: Ground out 4-3 (Groundball, 4, EV 79.4 MPH)
|
| Top of the 7th over - 2 runs, 2 hits, 0 errors, 0 left on base; Harrisburg 3 - Mobile 3 |
| BOTTOM OF THE 7TH |
|
Mobile BayBears batting - Pitching for Harrisburg Senators : LHP Kyle Bachman
|
|
Pitching: RHP Alex Vasquez
|
|
|
Batting: LHB Soo-yeon Kym
|
0-0: Ball 1-0: Foul Ball, location: 2F 1-1: Ball 2-1: Called Strike 2-2: Ball 3-2: Strikes out swinging
|
|
Batting: RHB Josh Burrows
|
0-0: Ball 1-0: Ground out 5-3 (Groundball, 56S, EV 89.4 MPH)
|
|
Batting: RHB Blake Beale
|
0-0: Ball 1-0: Ball 2-0: Ball 3-0: Ground out U3 (Groundball, 3, EV 102.5 MPH)
|
| Bottom of the 7th over - 0 runs, 0 hits, 0 errors, 0 left on base; Harrisburg 3 - Mobile 3 |
| TOP OF THE 8TH |
|
Harrisburg Senators batting - Pitching for Mobile BayBears : LHP Heath Henderson
|
|
Batting: RHB Paul Shell
|
0-0: SINGLE (Groundball, 6D, EV 96.9 MPH)
|
|
Batting: RHB Nate Dickinson
|
Pickoff Throw to First - Error! E1 Paul Shell to second 0-0: Intentional Walk
|
|
Pinch Hitting: RHB Seth Rutz
|
0-0: Foul Ball, location: 2F 0-1: Ball 1-1: Called Strike 1-2: Foul Ball, location: 2F 1-2: Foul Ball, location: 2F 1-2: Ball 2-2: Ball 3-2: Strikes out looking
|
|
Batting: RHB Antonio Laurel
|
0-0: Ball 1-0: Grounds into double play, 6-4-3 (Groundball, 6, EV 88.1 MPH)
|
| Top of the 8th over - 0 runs, 1 hit, 1 error, 1 left on base; Harrisburg 3 - Mobile 3 |
| BOTTOM OF THE 8TH |
|
Mobile BayBears batting - Pitching for Harrisburg Senators : RHP Alex Vasquez
|
|
Now in LF: John McNeill
|
|
|
Batting: LHB Koson Hirai
|
0-0: Ball 1-0: Foul Ball, location: 2F 1-1: Swinging Strike 1-2: Strikes out swinging
|
|
Batting: RHB Chris Bittner
|
0-0: Called Strike 0-1: Ball 1-1: Ground out 6-3 (Groundball, 6, EV 82.5 MPH)
|
|
Batting: RHB Will Washburn
|
0-0: Ball 1-0: Called Strike 1-1: SINGLE (Groundball, 6D, EV 108.8 MPH)
|
|
Batting: RHB Franklin Villanueva
|
0-0: Ball 1-0: Called Strike 1-1: Foul Ball, location: 2F 1-2: Strikes out swinging
|
| Bottom of the 8th over - 0 runs, 1 hit, 0 errors, 1 left on base; Harrisburg 3 - Mobile 3 |
| TOP OF THE 9TH |
|
Harrisburg Senators batting - Pitching for Mobile BayBears : LHP Heath Henderson
|
|
Pitching: RHP Edwin Martinez
|
|
|
Batting: RHB Kevin Wick
|
0-0: Foul Ball, location: 2F 0-1: Ball 1-1: Ball 2-1: DOUBLE (Line Drive, 7LM, EV 100.0 MPH)
|
|
Batting: RHB Ryan Hiemer
|
0-0: Ball 1-0: Ball 2-0: Called Strike 2-1: Ball 3-1: Swinging Strike 3-2: Reached on error, E5 (Groundball, 56, EV 100.0 MPH) Kevin Wick to third
|
|
Batting: RHB Steve Perez
|
0-0: Ball 1-0: Ball 2-0: Foul Ball, location: 2F 2-1: Swinging Strike 2-2: Grounds into double play, 1-4-3 (Groundball, 15S, EV 63.1 MPH)
|
|
Batting: LHB John Holst
|
0-0: Ball 1-0: Ball 2-0: Foul Ball, location: 2F 2-1: Foul Ball, location: 2F 2-2: Ball 3-2: Ground out 4-3 (Groundball, 4, EV 91.2 MPH)
|
| Top of the 9th over - 0 runs, 1 hit, 1 error, 1 left on base; Harrisburg 3 - Mobile 3 |
| BOTTOM OF THE 9TH |
|
Mobile BayBears batting - Pitching for Harrisburg Senators : RHP Alex Vasquez
|
|
Pitching: RHP Gareth Cutts
|
|
|
Pinch Hitting: LHB T.J. Duvall
|
0-0: Ball 1-0: Ball 2-0: Foul Ball, location: 2F 2-1: SOLO HOME RUN (Flyball, 89XD, EV 115.0 MPH), Distance : 461 ft
|
| Bottom of the 9th over - 1 run, 1 hit, 0 errors, 0 left on base; Harrisburg 3 - Mobile 4 |
|